 Dungeon Crawl Stone Soup version 0.31-a0-876-gfe8ebadbca (webtiles) character file.

Game seed: 15410691333104981535

371 BinkBink the Shooter (level 6, -6/30 HPs)
             Began as a Spriggan Hunter on Oct 13, 2023.
             Mangled by an iguana (13 damage)
             ... on level 5 of the Dungeon.
             The game lasted 00:04:32 (3889 turns).

BinkBink the Shooter (Spriggan Hunter)              Turns: 3889, Time: 00:04:33

Health: -6/30      AC:  2    Str:  7    XL:     6   Next: 42%
Magic:  7/7        EV: 18    Int: 10    God:
Gold:   239        SH:  0    Dex: 21    Spells: 5/5 levels left

rFire   . . .        a - +0 shortbow
rCold   . . .        (shield currently unavailable)
rNeg    . . .        c - +0 robe
rPois   .            (helmet currently unavailable)
rElec   .            (cloak currently unavailable)
rCorr   .            (gloves unavailable)
SInv    +            (boots unavailable)
Will    +....        (no amulet)
Stlth   ++           (no ring)
HPRegen 0.25/turn    (no ring)
MPRegen 0.10/turn

%: no passive effects
@: beast-form, very quick
A: beast (slay +2), very small, no large weapons, unfitting armour, see
invisible, speed 3
a: Begin Untransformation


You were on level 5 of the Dungeon.
You were a hulking beast.
You visited 1 branch of the dungeon, and saw 5 of its levels.

You collected 239 gold pieces.

Inventory:

Hand Weapons
 a - a +0 shortbow (weapon)
Armour
 c - a +0 robe (worn)
Jewellery
 n - a +6 ring of intelligence
Talismans
 e - a beast talisman (active)
Scrolls
 b - a scroll of butterflies
 d - 2 scrolls of teleportation {unknown}
 f - a scroll of silence {unknown}
 i - 6 scrolls of identify {unknown}
 l - 3 scrolls of enchant weapon {unknown}
 p - a scroll of blinking {unknown}
 q - a scroll of acquirement {unknown}
Potions
 g - a potion of invisibility {unknown}
 h - a potion of ambrosia {unknown}
 j - a potion of enlightenment {unknown}
 k - 2 potions of curing {unknown}
 m - a potion of heal wounds {unknown}
 o - a potion of magic {unknown}


   Skills:
 - Level 1.5 Fighting
 + Level 6.4 Ranged Weapons
 - Level 2.6 Dodging
 - Level 1.5 Stealth
 + Level 5.1 Shapeshifting


You had 5 spell levels left.
You didn't know any spells.
Your spell library contained the following spells:

 Spells                   Type           Power      Damage    Failure   Level
 Freeze                   Ice            0%         1d3       36%         1
 Ensorcelled Hibernation  Hex/Ice        0%         N/A       50%         2
 Passwall                 Tmut/Erth      0%         N/A       50%         2
 Frozen Ramparts          Ice            0%         1d1       75%         3
 Hailstorm                Conj/Ice       0%         3d3       75%         3
 Swiftness                Air            0%         N/A       75%         3


Dungeon Overview and Level Annotations

Branches:
Dungeon (5/15)
 Temple: D:4-7

Altars:
Elyvilon
Makhleb
Uskayaw
Zin
The Shining One


Innate Abilities, Weirdness & Mutations

You are a hulking beast.
Your limbs bulge with bestial killing power. (Slay +2)
You are very small and have problems with some larger weapons.
You are too small for most types of armour.
You have supernaturally acute eyesight. (SInv)
You cover ground extremely quickly. (Speed+++)


Message History

The arrow hits the iguana but does no damage.
The iguana hisses angrily. x2; The centaur shouts!
The centaur wields a +0 orcbow.
The centaur shoots an arrow.
The arrow misses you.
You shoot an arrow. The arrow hits the iguana.
The iguana is lightly wounded.
The centaur shoots an arrow.
The arrow hits you!
The iguana hisses menacingly.
The centaur shoots an arrow.
The arrow hits you!
The orc shouts!
The centaur shoots an arrow.
The arrow completely misses you. The iguana closely misses you.
You climb upwards.
There is a stone staircase leading down here.
You are too injured to fight recklessly!
You are too injured to fight recklessly!
You are too injured to fight recklessly!
You are too injured to fight recklessly!
You start resting.
An iguana is nearby!
You shoot an arrow. The arrow hits the iguana.
The iguana is lightly wounded.
You shoot an arrow. The arrow hits the iguana!
The iguana is severely wounded.
You shoot an arrow. The arrow hits the iguana.
The iguana is severely wounded.
You shoot an arrow. The arrow hits the iguana!
You kill the iguana!
Your Shapeshifting skill increases to level 5!
No target in view!
HP restored.
Done exploring.
You see here an iguana corpse.
There is a stone staircase leading down here.
You climb downwards.
The centaur shoots an arrow.
The arrow hits you!
The centaur shoots an arrow.
The arrow hits you!
Ouch! That really hurt!
* * * LOW HITPOINT WARNING * * *
The iguana bites you!
You die...

### #... ....##
# ..#o..#####
#.#
#.........#...#
#..........#
#...h......#
#..l.......#
..........#...#
..........# #.#
...#....... #
.. ......... #
##.....c###
########


You could see a centaur, an iguana and an orc.

Vanquished Creatures
  A jelly (D:4)
  2 orc priests (D:3)
  Terence (D:2)
  An orc wizard (D:3)
  2 iguanas (D:4)
  Robin (D:2)
  2 adders
  4 gnolls (D:4)
  3 worms (D:2)
  3 dart slugs
  11 orcs
  5 bats
  3 endoplasms
  A giant cockroach (D:3)
  20 goblins
  9 hobgoblins
  4 quokkas
  8 ball pythons
  3 frilled lizards
  7 kobolds
  9 rats
100 creatures vanquished.

Notes
Turn   | Place    | Note
-------+----------+-------------------------------------------
     0 | D:1      | BinkBink the Spriggan Hunter began the quest for the Orb.
     0 | D:1      | Reached XP level 1. HP: 10/10 MP: 2/2
   147 | D:1      | Reached XP level 2. HP: 14/14 MP: 3/3
   374 | D:1      | Reached skill level 1 in Shapeshifting
   762 | D:2      | Found a faded altar of an unknown god.
   775 | D:2      | Reached XP level 3. HP: 18/18 MP: 4/4
  1059 | D:2      | Reached skill level 5 in Ranged Weapons
  1067 | D:2      | Noticed Terence
  1110 | D:2      | Killed Terence
  1111 | D:2      | Reached XP level 4. HP: 22/22 MP: 5/5
  1236 | D:2      | Noticed Robin
  1266 | D:2      | Killed Robin
  1945 | D:3      | Reached XP level 5. HP: 23/25 MP: 6/6
  2506 | D:3      | Found a faded altar of an unknown god.
  2509 | D:3      | Found a burning altar of Makhleb.
  2657 | D:3      | Found a glowing silver altar of Zin.
  2657 | D:3      | Found a glowing golden altar of the Shining One.
  2658 | D:3      | Found a white marble altar of Elyvilon.
  3156 | D:4      | Reached skill level 6 in Ranged Weapons
  3300 | D:4      | Reached XP level 6. HP: 30/30 MP: 7/7
  3735 | D:4      | Found a hide-covered altar of Uskayaw.
  3779 | D:5      | Entered Level 5 of the Dungeon
  3816 | D:4      | Reached skill level 5 in Shapeshifting
  3889 | D:5      | Mangled by an iguana

Illustrated notes

Levels and vault maps discovered:
D:1:      nagdon_arrival_double_spiral, layout_loops_ring,
          amcnicky_mini_corridor_feature, hex_large
D:2:      minmay_door_path, layout_basic, shapermc_ecumenical_altar_notcrosses,
          serial_park_tiny_2, st_stairs_6, minmay_misc_feat_nine_boxes,
          minmay_tiny_reverse_x, uniq_robin, uniq_terence
D:3:      layout_loops_ring, good_gods_mini_temple,
          nicolae_overflow_ecumenical_swirl, kennysheep_another_room
D:4:      layout_loops_ring, mainiacjoe_overflow_chevrons
D:5:      layout_rooms, grunt_gozag_breadcrumbs, minmay_temple_entry_nine_rooms

Skill      XL: |  1  2  3  4  5  6 |
---------------+-------------------+-----
Shapeshifting  | 1 2 3 4 5 |  5.1
Ranged Weapons | 5 6 |  6.4
Fighting       | |  1.5
Dodging        | |  2.6
Stealth        | |  1.5

Action                     |  1- 3 |  4- 6 || total
---------------------------+-------+-------++-------
   Fire: Shortbow          |   111 |   142 ||   253
 Armour: Robe              |     7 |    16 ||    23
  Dodge: Dodged            |    23 |    26 ||    49
   Form: Beast             |     1 |       ||     1

Table legend: (Time is in decaauts)
 A = Elapsed time spent in this place.
 B = Non-inter-level travel time spent in this place.
 C = Inter-level travel time spent in this place.
 D = Time resting spent in this place.
 E = Time spent auto-exploring this place.
 F = Levels seen in this place.
 G = Mean time per level.
                   A        B        C        D        E       F      G
               +--------+--------+--------+--------+--------+-----+--------+
         Total |   2675 |   2536 |    139 |    259 |   1803 |   5 |  535.0 |
       Dungeon |   2675 |   2536 |    139 |    259 |   1803 |   5 |  535.0 |
               +--------+--------+--------+--------+--------+-----+--------+

Top non-repeatable levels by time:
     D:2: 890 daAuts
     D:3: 817 daAuts
     D:4: 502 daAuts
     D:1: 460 daAuts
     D:5: 4 daAuts
